 Dungeon Crawl Stone Soup version 0.29-a0-121-g8efb068a30 (webtiles) character file.

Game seed: 13695673508828422480

19 Gargoyl the Skirmisher (level 2, -3/19 HPs)
             Began as a Gargoyle Abyssal Knight on Feb 20, 2022.
             Was a Follower of Lugonu.
             Slain by a gnoll (8 damage)
             ... on level 2 of the Dungeon.
             The game lasted 00:01:06 (1042 turns).

Gargoyl the Skirmisher (Gargoyle Abyssal Knight)    Turns: 1042, Time: 00:01:07

Health: -3/19      AC:  6    Str: 16    XL:     2   Next: 75%
Magic:  3/3        EV: 11    Int: 10    God:    Lugonu [*.....]
Gold:   79         SH:  0    Dex: 10    Spells: 1/1 levels left

rFire   . . .      SeeInvis .   a - +1 hand axe
rCold   . . .      Faith    .   (no shield)
rNeg    + . .      Spirit   .   b - +0 leather armour
rPois   ∞          Reflect  .   (no helmet)
rElec   +          Harm     .   (no cloak)
rCorr   .          Rampage  .   (no gloves)
Will    .....                   (no boots)
Stlth   +.........              (no amulet)
HPRegen 0.06/turn               (no ring)
MPRegen 0.08/turn               (no ring)

@: no status effects
A: sickness immunity, AC +2, negative energy resistance 1, electricity
resistance, torment resistance 1, petrification resistance
a: Renounce Religion, Depart the Abyss


You were on level 2 of the Dungeon.
You worshipped Lugonu.
Lugonu was aware of your devotion.
You visited 1 branch of the dungeon, and saw 2 of its levels.
You visited the Abyss 1 time.

You collected 79 gold pieces.

Inventory:

Hand Weapons
 a - a +1 hand axe (weapon)
Missiles
 e - 5 poisoned darts (quivered)
Armour
 b - a +0 leather armour (worn)
Potions
 d - 2 potions of haste
 f - a potion of brilliance {unknown}
 g - a potion of curing {unknown}


   Skills:
 + Level 3.4 Fighting
 + Level 2.2 Axes
 + Level 2.4 Armour
 + Level 0.7 Dodging
 * Level 2.4 Invocations


You had one spell level left.
You didn't know any spells.
Your spell library was empty.

Dungeon Overview and Level Annotations

Branches:
Dungeon (2/15)

Altars:


Innate Abilities, Weirdness & Mutations

You are immune to sickness and miasma.
Your stone body is resilient. (AC +2)
You are immune to poison.
You resist negative energy. (rN+)
You are resistant to electric shocks. (rElec)
You are resistant to unholy torment.
You are immune to petrification.


Message History

You kill the giant cockroach!
Lugonu accepts your kill.
There is a stone staircase leading up here.
Found a scroll labelled LAECYPOODU.
e - 5 poisoned darts (gained 2)
You aren't carrying any scrolls.
HP restored.
c - a scroll labelled LAECYPOODU A dart slug comes into view.
The dart slug briefly extends its eye-stalks.
As you read the scroll labelled LAECYPOODU, it crumbles to dust.
You feel strangely unstable.
It was a scroll of teleportation.
A bat comes into view.
The dart slug launches a dart at you. The slug dart misses you.
Your surroundings suddenly seem different.
A ball python, an adder and a gnoll come into view.
Found 10 gold pieces, a glowing short sword and 14 stones.
Found an escape hatch in the ceiling.
The ball python hisses angrily.
The adder hisses angrily.
You hit the gnoll.
The gnoll is lightly wounded.
The gnoll closely misses you. The ball python closely misses you.
The ball python grabs you. The ball python constricts you.
The gnoll hits you with a +0 flail!
Ouch! That really hurt!
You closely miss the gnoll.
The gnoll is lightly wounded.
You hit the adder but do no damage.
You hit the ball python but do no damage.
The adder closely misses you. The ball python barely misses you.
The ball python constricts you. The gnoll hits you with a +0 flail.
* * * LOW HITPOINT WARNING * * *
The adder bites you but does no damage.
Unknown command.
You escape the ball python's grasp.
A frilled lizard comes into view.
The frilled lizard hisses angrily.
The gnoll hits you with a +0 flail!
You die...

..# ..#
#####.#
#.....##
+.....$# #
#......# .l
#...SS.#.###
####.g.......
#@....)...
#.........
####......
....(. ......
..###.


You could see a gnoll, an adder, a ball python and a frilled lizard.

Vanquished Creatures
  2 bats (D:1)
  An endoplasm (D:1)
  2 giant cockroaches
  2 goblins (D:1)
  3 kobolds (D:1)
  A quokka (D:1)
  4 ball pythons (D:1)
  A frilled lizard (D:1)
  A rat (D:1)
17 creatures vanquished.

Vanquished Creatures (others)
  2 plants (D:2)
  5 withered plants (D:2)
7 creatures vanquished.

Grand Total: 24 creatures vanquished

Notes
Turn   | Place    | Note
-------+----------+-------------------------------------------
     0 | Abyss:1  | Gargoyl the Gargoyle Abyssal Knight began the quest for the
                  | Orb.
     0 | Abyss:1  | Reached XP level 1. HP: 14/14 MP: 2/2
     0 | D:1      | Escaped the Abyss
    44 | D:1      | Reached * piety under Lugonu
   364 | D:1      | Reached XP level 2. HP: 18/19 MP: 3/3
  1042 | D:2      | Slain by a gnoll

Illustrated notes

Levels and vault maps discovered:
D:1:      sevenhm_arrival_forest_fort_small_3, layout_basic
D:2:      layout_basic, basic_altar, shapermc_ecumenical_altar_flowoftime

Skill      XL: |  1 |
---------------+----+-----
Axes           | 2 |  2.2
Fighting       | |  3.4
Armour         | |  2.4
Dodging        | |  0.7
Invocations    | |  2.4

Action                   || total
-------------------------++-------
Melee: Hand axe          ||    68
Invok: Depart the Abyss  ||     1
  Use: Scroll            ||     3
Armor: Leather armour    ||    38
Dodge: Dodged            ||    55

Table legend: (Time is in decaauts)
 A = Elapsed time spent in this place.
 B = Non-inter-level travel time spent in this place.
 C = Inter-level travel time spent in this place.
 D = Time resting spent in this place.
 E = Time spent auto-exploring this place.
 F = Levels seen in this place.
 G = Mean time per level.
                   A        B        C        D        E       F      G
               +--------+--------+--------+--------+--------+-----+--------+
         Total |   1055 |   1023 |     32 |      0 |    815 |   3 |  351.7 |
       Dungeon |   1055 |   1023 |     32 |      0 |    815 |   2 |  527.5 |
         Abyss |      0 |      0 |      0 |      0 |      0 |   1 |    0.0 |
               +--------+--------+--------+--------+--------+-----+--------+

Top non-repeatable levels by time:
     D:1: 1025 daAuts
     D:2: 29 daAuts
